 Dungeon Crawl Stone Soup version 0.25-a0-108-gda8bd6c (webtiles) character file.

Game seed: 15855924085499056253, levelgen mode: deterministic

966 BoppinsLewinski the Slasher (level 8, -4/90 HPs)
             Began as a Human Monk on Nov 18, 2019.
             Was a Believer of Wu Jian.
             Slain by an ogre
             ... wielding a +0 giant spiked club
              (22 damage)
             ... on level 6 of the Dungeon.
             The game lasted 00:10:46 (4670 turns).

BoppinsLewinski the Slasher (Human Monk)            Turns: 4670, Time: 00:10:47

Health: -4/90      AC: 24    Str: 16    XL:     8   Next: 38%
Magic:  8/8        EV:  2    Int: 12    God:    Wu Jian [**....]
Gold:   229        SH:  0    Dex: 16    Spells: 7/7 levels left

rFire    . . .     SeeInvis .   (no weapon)
rCold    . . .     Gourm    .   (no shield)
rNeg     + + +     Faith    .   (armour currently unavailable)
rPois    +         Spirit   .   (helmet currently unavailable)
rElec    .         Reflect  .   (cloak currently unavailable)
rCorr    .         Harm     .   (gloves currently unavailable)
MR       .....     NoTele   +   (boots currently unavailable)
Stlth    ++........             (no amulet)
HPRegen  0.25/turn              w - ring of flight
MPRegen  0.11/turn              (no ring)

@: tree-form
A: clever 1, strong 1
a: Wall Jump, Renounce Religion


You were on level 6 of the Dungeon.
You worshipped Wu Jian.
Wu Jian was pleased with you.
You were not hungry.
You were a tree.
You visited 2 branches of the dungeon, and saw 8 of its levels.

You collected 229 gold pieces.

Inventory:

Hand Weapons
 a - a +0 falchion
 n - a +3 hunting sling of freezing
Missiles
 o - 7 sling bullets
 p - 105 stones (quivered)
Armour
 b - a +1 helmet (melded)
 u - a +0 pair of boots (melded)
 y - a +0 chain mail (melded)
Jewellery
 w - a ring of flight (left branch)
Scrolls
 e - a scroll of fear {unknown}
 f - 2 scrolls of amnesia {unknown}
 h - 2 scrolls of blinking {unknown}
 j - 2 scrolls of teleportation {unknown}
 l - a scroll of fog {unknown}
 m - 3 scrolls of magic mapping
 q - 3 scrolls of enchant weapon
 x - a scroll of enchant armour {unknown}
Potions
 i - a potion of brilliance
 k - a potion of lignification
 r - a potion of ambrosia
 s - a potion of curing
 t - 2 potions of agility
 z - a potion of cancellation
Comestibles
 c - 9 rations


   Skills:
 + Level 4.2 Fighting
 * Level 7.4 Long Blades
 + Level 2.8 Slings
 + Level 2.6 Armour
 + Level 4.2 Dodging
 - Level 2.0 Stealth


You had 7 spell levels left.
You didn't know any spells.
Your spell library was empty.

Dungeon Overview and Level Annotations

Branches:
Dungeon (7/15)             Temple (1/1) D:5

Altars:
Cheibriados
Dithmenos
Elyvilon
Fedhas
Gozag
Hepliaklqana
Kikubaaqudgha
Makhleb
Nemelex Xobeh
Okawaru
Qazlal
Ru
Sif Muna
Trog
Vehumet
Wu Jian
Xom
Yredelemnul
Zin
The Shining One


Innate Abilities, Weirdness & Mutations

((You have large cloven feet.))
Your mind is acute. (Int +2)
Your muscles are strong. (Str +2)


Message History

* * * LOW HITPOINT WARNIN'
* * * Unknown command.
Ye ar'n't carryin' any items tha ye can evoke.
Unknown command.
Unknown command.
Okay, than.
Unknown command.
Ye feel better.
Okay, than.
Re'lly quaff tha potion o' lignification?
Ye turn inta a tree.
Yer +1 helmet melds inta yer body.
Yer +0 pair o' boots melds inta yer body.
Yer +0 chain mail melds inta yer body.
Yer roots penetrate tha ground.
Tha orc hits ye but does nay damage.
Tha ogre hits ye but does nay damage.
Ye be now empty-handed.
Ye smack tha ogre!
Tha ogre be heavily wounded.
Tha orc hits ye but does nay damage.
Tha ogre hits ye wit' a +0 giant spiked club!!
Ye die...

.... ... ## ....
.#. #... .....
####(. .....
#...?. ......
##..... #......
##.....###.......
#........<.......
#......♣.........
#......Oo........
##.#..)(.........
#.((..........
##!......###..
(.......# .
...........
#...##.##....
)(.. .. ....


You could see an ogre and an orc.

Vanquished Creatures
  3 ogres
  A phantom (D:5)
  A centaur (D:5)
  2 crimson imps
  2 orc priests
  5 orc wizards
  A jelly (D:6)
  A worker ant (D:5)
  A hound zombie (D:2)
  A howler monkey zombie (D:5)
  Robin (D:2)
  5 adders
  An ooze (D:1)
  An adder zombie (D:5)
  2 worms
  3 dart slugs
  3 leopard geckos
  20 orcs
  8 giant cockroaches
  15 goblins
  12 hobgoblins
  2 quokkas
  2 ball pythons
  10 bats
  7 frilled lizards
  A jackal zombie (D:5)
  9 kobolds
  A leopard gecko skeleton (D:2)
  A leopard gecko zombie (D:7)
  10 rats
132 creatures vanquished.

Notes
Turn   | Place    | Note
-------+----------+-------------------------------------------
     0 | D:1      | BoppinsLewinski the Human Monk began the quest for the Orb.
     0 | D:1      | Reached XP level 1. HP: 18/18 MP: 1/1
   133 | D:1      | Reached XP level 2. HP: 19/24 MP: 2/2
   459 | D:1      | Reached skill level 4 in Long Blades
   459 | D:1      | Reached XP level 3. HP: 23/29 MP: 3/3
  1283 | D:2      | Reached XP level 4. HP: 29/35 MP: 4/4
  1290 | D:2      | Found an iron altar of Okawaru.
  1319 | D:2      | Found a bloodstained altar of Trog.
  1338 | D:2      | Gained mutation: Your mind is acute. (Int +2) [potion of
                  | mutation]
  1338 | D:2      | Gained mutation: Your muscles are strong. (Str +2) [potion
                  | of mutation]
  1338 | D:2      | Gained mutation: You have large cloven feet. [potion of
                  | mutation]
  1353 | D:2      | Reached skill level 5 in Long Blades
  1651 | D:2      | Noticed Robin
  1981 | D:1      | Reached XP level 5. HP: 30/41 MP: 5/5
  2220 | D:2      | Killed Robin
  2431 | D:2      | Reached skill level 6 in Long Blades
  2835 | D:3      | Reached XP level 6. HP: 47/47 MP: 6/6
  2904 | D:3      | Reached skill level 1 in Slings
  3154 | D:3      | Found an ancient bone altar of Kikubaaqudgha.
  3244 | D:3      | Reached skill level 1 in Armour
  3607 | D:4      | Found a glowing golden altar of the Shining One.
  3773 | D:4      | You fall into a shaft and drop 3 floors!
  3773 | D:7      | Noticed an ogre
  3779 | D:7      | Killed an ogre
  3779 | D:7      | Reached XP level 7. HP: 52/52 MP: 7/7
  3820 | D:5      | Entered Level 5 of the Dungeon
  3858 | D:5      | Reached skill level 7 in Long Blades
  3889 | D:5      | Reached XP level 8. HP: 57/60 MP: 8/8
  3934 | D:5      | Found a staircase to the Ecumenical Temple.
  3944 | Temple   | Entered the Ecumenical Temple
  3961 | Temple   | Became a worshipper of the Wu Jian Council
  3961 | Temple   | Reached * piety under Wu Jian
  3961 | Temple   | Reached ** piety under Wu Jian
  4098 | D:5      | Found a snail-covered altar of Cheibriados.
  4129 | D:5      | Found a shimmering blue altar of Sif Muna.
  4152 | D:5      | Found a glowing silver altar of Zin.
  4620 | D:5      | Found an opulent altar of Gozag.
  4670 | D:6      | Slain by an ogre

Levels and vault maps discovered:
D:1:      psy_arrival_radial02, layout_basic, minmay_liquid_box,
          serial_bayou_crossing
D:2:      layout_rooms, okawaru_gym_becter, overflow_temple_1_default,
          uniq_robin
D:3:      layout_loops_cross, kiku_gazebo_garden_becter, first_ration,
          dk_vineyard_3
D:4:      layout_rooms, tso_metal_star, chequers_serial_rivers_micro_b,
          minmay_pentomino_pile
D:5:      layout_cave_pools, nicolae_overflow_quartered_altars,
          minmay_temple_entry_slanted
D:6:      corexii_shantytown, layout_cave_pools, ashenzari_altar_1,
          serial_shops, nicolae_shop_trees
D:7:      layout_basic, gammafunk_ghost_grave, basic_altar, uniq_joseph
Temple:   nicolae_temple_hex_pool

Skill      XL: |  1  2  3  4  5  6  7 |
---------------+----------------------+-----
Long Blades    | 4 5 6 7 |  7.4
Slings         | 1 2 |  2.8
Armour         | 1 2 |  2.6
Fighting       | 4 |  4.2
Dodging        | 4 |  4.2
Stealth        | |  2.0

Action                   |  1- 3 |  4- 6 |  7- 9 || total
-------------------------+-------+-------+-------++-------
Melee: Falchion          |    81 |   168 |    73 ||   322
       Kick              |       |    64 |       ||    64
       Unarmed           |       |       |     1 ||     1
 Fire: Hunting sling     |       |    37 |    51 ||    88
Invok: Whirlwind         |       |       |    17 ||    17
       Lunge             |       |       |     2 ||     2
  Use: Potion            |       |     5 |     2 ||     7
       Scroll            |       |       |     8 ||     8
  Eat: Chunk             |     1 |     8 |     3 ||    12
Armor: Leather armour    |    19 |       |       ||    19
       Robe              |     3 |       |       ||     3
       Scale mail        |     9 |    75 |    12 ||    96
       Chain mail        |       |       |    35 ||    35
       Skin              |       |       |     3 ||     3
Dodge: Dodged            |    62 |   111 |    25 ||   198
       Rpst.: Falchion   |    15 |    40 |     7 ||    62

Table legend:
 A = Non-vault XP
 B = Vault XP
 C = Vault XP percentage of total XP
 D = Non-vault monster count
 E = Vault monster count
 F = Vault count percentage of total count
                 A         B        C        D         E       F
            +---------+---------+-------+---------+---------+-------
      Total |    1344 |      37 |   2.7 |     120 |      12 |   9.1
            +---------+---------+-------+---------+---------+-------
        D:1 |      98 |      12 |  10.9 |      29 |       6 |  17.1
        D:2 |     106 |      25 |  19.1 |      29 |       6 |  17.1
        D:3 |     215 |       0 |   0.0 |      34 |       0 |   0.0
        D:4 |      52 |       0 |   0.0 |       3 |       0 |   0.0
        D:5 |     659 |       0 |   0.0 |      17 |       0 |   0.0
        D:6 |      91 |       0 |   0.0 |       6 |       0 |   0.0
        D:7 |     123 |       0 |   0.0 |       2 |       0 |   0.0
            +---------+---------+-------+---------+---------+-------
